Cogmind - Beta 14 @@@ ROGUE MODE // 2024.09.20 @ 16:05:08 Player: Micsome Result: Destroyed by G-47 Trooper with Particle Gun Performance ------------- Evolutions (2) 1000 Regions Visited (3) 600 Robots Destroyed (60) 300 Value Destroyed (1843) 1843 Prototype IDs (3) 60 Alien Tech Used (0) 0 Bonus (172) 172 TOTAL SCORE: 3975 Bonus ------- High Alert Combat Kills 172 Cogmind --------- Core Integrity 0/550 Matter 12/300 Energy 100/100 System Corruption 0% Temperature Cool (10) Movement Hovering (60) Location -8/Materials Parts ------- > --- POWER (2) -------- (None) > --- PROPULSION (3) --- Gravmag System Gravmag System Gravmag System > --- UTILITY (4) ------ Transport Network Coupler Microactuators Microactuators > --- WEAPON (2) ------- (None) > --- INVENTORY (5) ---- Heat Sink Targeting Computer Particle Charger Particle Charger Microactuators Peak State ------------ > --- POWER ------------ (None) > --- PROPULSION ------- Gravmag System Gravmag System Gravmag System > --- UTILITY ---------- Transport Network Coupler Microactuators Microactuators > --- WEAPON ----------- (None) > --- INVENTORY -------- Heat Sink Targeting Computer Particle Charger Particle Charger Microactuators [Rating: 22] Favorites ----------- Power Light Ion Engine Engine Light Ion Engine Propulsion Aluminum Leg Treads Light Treads Leg Aluminum Leg Wheel Wheel Hover Unit Gravmag System Flight Unit Flight Unit Utility Medium Storage Unit Device Heat Sink Storage Medium Storage Unit Processor Transport Network Coupler Protection Light Armor Plating Weapon Heavy EM Pulse Gun Energy Gun Heavy EM Pulse Gun Energy Cannon EM Pulse Cannon Ballistic Gun Heavy Assault Rifle Launcher Rocket Launcher Impact Weapon Mace Build | -11 -10 -9 -8 ------- Run | Yrd Mat Mat Mat Slots Evolved 4 | . . 2 2 Power 1 | . . 1 . Propulsion 1 | . . . 1 Utility 2 | . . 1 1 Weapon . | . . . . Parts Attached 70 | 10 9 30 21 Power 8 | 1 . 5 2 Engine 8 | 1 . 5 2 Core . | . . . . Reactor . | . . . . Propulsion 18 | 6 . 6 6 Treads 6 | . . 4 2 Leg 6 | 4 . 2 . Wheel 2 | 2 . . . Hover 3 | . . . 3 Flight 1 | . . . 1 Utility 15 | 1 3 4 7 Device 8 | . 1 1 6 Storage 3 | 1 2 . . Processor 1 | . . . 1 Hackware . | . . . . Protection 3 | . . 3 . Artifact . | . . . . Weapon 29 | 2 6 15 6 Energy Gun 9 | . 3 4 2 Energy Cannon 2 | . . . 2 Ballistic Gun 7 | 2 . 5 . Ballistic Cannon . | . . . . Launcher 9 | . 1 6 2 Special Weapon . | . . . . Impact Weapon 2 | . 2 . . Slashing Weapon . | . . . . Piercing Weapon . | . . . . Special Melee Weapon . | . . . . Unidentified Prototypes 1 | . . . 1 Parts Lost 26 | . . 7 19 Power 7 | . . 3 4 Propulsion 5 | . . 1 4 Utility 7 | . . 1 6 Weapon 7 | . . 2 5 Highest Loss Streak 18 | . . 2 18 To Critical Strikes . | . . . . Average Slot Usage (%) 92 | . 98 96 72 Engine 16 | . 14 18 11 Treads 6 | . . 6 16 Leg 16 | . 28 15 . Device 9 | . 5 11 11 Storage 13 | . 20 11 7 Protection 6 | . . 11 6 Energy Gun 13 | . 18 12 6 Ballistic Gun 3 | . 4 4 . Launcher 4 | . 3 4 4 Peak Build Rating 22 | 6 10 15 22 Average Rating 11 | 4 9 12 15 On Entrance 7 | . 6 10 15 Naked Turns 9 | . . . 9 Heaviest Build 36 | 10 24 30 36 Greatest Support 63 | 20 20 40 63 Greatest Overweight (x) 4 | . 1 2 4 Average Overweight (x) . | . . . . Largest Inventory Capacity 10 | 8 10 10 10 Average Capacity 9 | 7 9 10 8 Most Carried 10 | 5 10 10 10 Average Carried 8 | 2 8 9 8 Final Capacity 10 | 8 10 10 5 Final Carried 10 | 4 10 10 5 Class Distribution -------------------- 75% | Mutant 24% | Scavenger-Mutant Dominant Class ---------------- Mutant | -10/Materials Mutant | -9/Materials Mutant | -8/Materials Resources | -11 -10 -9 -8 ----------- Run | Yrd Mat Mat Mat Matter Collected 961 | 176 244 400 141 Remotely . | . . . . Salvage Created 1921 | . 385 1269 267 Parts 132 | . 25 92 15 Haulers Intercepted 2 | . . 1 1 Recyclers Shooed 1 | . . 1 . Parts Field Recycled . | . . . . Retrieved Matter . | . . . . Parts Self-Destructed . | . . . . Prevented . | . . . . Kills | -11 -10 -9 -8 ------- Run | Yrd Mat Mat Mat Combat Hostiles Destroyed 45 | . 11 26 8 Guns 22 | . 7 12 3 AOE 23 | . 4 14 5 Classes Destroyed 9 | . 4 5 . Worker 2 | . 1 1 . Builder 6 | . . 4 2 Hauler 2 | . . 1 1 Recycler 1 | . . 1 . Operator 1 | . . 1 . Watcher 3 | . 1 2 . Swarmer 3 | . 3 . . Grunt 33 | . 8 19 6 Sentry 9 | . . 7 2 Best Kill Streak 9 | . 4 9 8 Combat Bots Only 9 | . 3 9 6 Max Kills in Single Turn 3 | . 2 3 2 Gunslinging 1 | . . 1 . Exploded 3 | . 1 3 2 Melee . | . . . . Uniques/NPCs Destroyed . | . . . . Combat | -11 -10 -9 -8 -------- Run | Yrd Mat Mat Mat Hostile Shots Fired 267 | . 19 101 147 Missed 101 | . 9 35 57 Damage Taken 2949 | . 157 993 1799 Core 700 | . 53 89 558 Absorbed by Shields . | . . . . Core Remaining (%) 85 | 100 78 77 . Volleys Fired 101 | . 18 60 23 Largest 2 | . 2 2 2 Hottest 126 | . 90 101 126 Shots Fired 190 | . 32 116 42 Gun 146 | . 29 97 20 Cannon 7 | . . . 7 Launcher 37 | . 3 19 15 Special . | . . . . Kinetic 37 | . . 37 . Thermal 39 | . . 19 20 Explosive 33 | . 3 15 15 Electromagnetic 81 | . 29 45 7 Robot Hit Streak 9 | . 8 9 8 Robot Miss Streak 7 | . 1 7 4 Penetration Max . | . . . . Secondary Targets 2 | . 1 1 . Max Gunslinging Chain 1 | . 1 1 . Shots Hit Robots 111 | . 21 65 25 Core Hits 94 | . 16 55 23 Critical Kills . | . . . . Critical Parts Destroyed . | . . . . Critical Strikes 4 | . 1 3 . Burn 2 | . . 2 . Corrupt 2 | . 1 1 . Melee Attacks . | . . . . Impact . | . . . . Slashing . | . . . . Piercing . | . . . . Sneak Attacks . | . . . . Combat Hostiles . | . . . . Follow-up Attacks . | . . . . Damage Inflicted 4362 | . 665 2508 1189 Guns 1522 | . 318 882 322 Cannons 85 | . . . 85 Explosions 2755 | . 347 1626 782 Melee . | . . . . Ramming . | . . . . Kinetic 363 | . . 363 . Thermal 683 | . 96 265 322 Explosive 2101 | . 251 1068 782 Electromagnetic 1215 | . 318 812 85 Impact . | . . . . Slashing . | . . . . Piercing . | . . . . Highest Corruption . | . . . . Average Corruption . | . . . . Corruption Purged . | . . . . Corruption Blocked . | . . . . Overload Shots . | . . . . Overflow Damage 68 | . 4 37 27 Projectiles . | . . . . Explosions 68 | . 4 37 27 Melee . | . . . . Knockbacks . | . . . . Impact . | . . . . Kinetic . | . . . . Secondary . | . . . . Self-Inflicted Damage 228 | . 47 131 50 Shots 8 | . 2 3 3 Rammed . | . . . . Targets Rammed . | . . . . Kicked . | . . . . Crushed . | . . . . Highest Temperature 418 | . 180 117 418 Average Temperature 74 | . 61 28 123 Received Heat Transfer 1110 | . 57 387 666 Effects 2 | . . . 2 Shutdowns 2 | . . . 2 Siege Activations . | . . . . Robots Corrupted . | . . . . Combat Hostiles . | . . . . Parts Fried 3 | . . 3 . Impact Corruptions . | . . . . Robots Melted . | . . . . Combat Hostiles . | . . . . Parts Melted 1 | . . 1 . Heat Transferred 1597 | . 150 818 629 Parts Sabotaged . | . . . . Parts Stolen . | . . . . Parts Stripped . | . . . . Power Chain Reactions 2 | . 1 1 . Alert | -11 -10 -9 -8 ------- Run | Yrd Mat Mat Mat Peak Influence 728 | . 217 728 548 Initial 307 | . . 59 307 Average 291 | . 95 401 393 Maximum Alert Level 3 | . 1 3 2 Low Security (%) 47 | 100 96 28 . Level 1 18 | . 3 19 51 Level 2 25 | . . 35 48 Level 3 8 | . . 16 . Level 4 . | . . . . Level 5 . | . . . . High Security . | . . . . Max Security . | . . . . Squads Dispatched 11 | . 3 6 2 Investigation 4 | . 1 3 . Extermination . | . . . . Reinforcement 7 | . 2 3 2 Assault . | . . . . Garrison . | . . . . Intercept . | . . . . Searches Triggered . | . . . . Construction Impeded 1 | . . 1 . Haulers Reinforced . | . . . . Active Scanning Responses . | . . . . Cargo Convoy Interrupts . | . . . . Stealth | -11 -10 -9 -8 --------- Run | Yrd Mat Mat Mat Distress Signals 4 | . . 2 2 Communications Jammed . | . . . . Distress Signals . | . . . . Times Spotted 70 | . 10 38 22 Peak Tracking Total 10 | . 2 10 8 Tactical Retreats 7 | . . 4 3 Traps | -11 -10 -9 -8 ------- Run | Yrd Mat Mat Mat Traps Triggered 2 | . 1 1 . Indirectly . | . . . . Trap Hack Attempts . | . . . . Triggered . | . . . . Disarmed . | . . . . Reprogrammed . | . . . . Reused . | . . . . Traps Extracted . | . . . . Installed . | . . . . Triggered . | . . . . Machines | -11 -10 -9 -8 ---------- Run | Yrd Mat Mat Mat Machines Disabled 6 | . . 6 . Max in Single Turn 3 | . . 3 . Machines Repaired . | . . . . Machines Dismantled . | . . . . Machines Sabotaged . | . . . . Overloaded Fab Kills . | . . . . Hacking | -11 -10 -9 -8 --------- Run | Yrd Mat Mat Mat Machines Accessed 9 | . 6 3 . Terminals 8 | . 5 3 . Fabricators . | . . . . Repair Stations . | . . . . Recycling Units 1 | . 1 . . Scanalyzers . | . . . . Garrison Access . | . . . . Total Hacks 19 | . 9 10 . Successful 5 | . 2 3 . Failed 14 | . 7 7 . Catastrophic 4 | . 4 . . Database Lockouts . | . . . . Manual . | . . . . Terminals 18 | . 8 10 . Fabricators . | . . . . Repair Stations . | . . . . Recycling Units 1 | . 1 . . Scanalyzers . | . . . . Garrison Access . | . . . . Terminal Hacks 4 | . 1 3 . Record 2 | . . 2 . Prototype ID Bank 1 | . 1 . . Locate Traps 1 | . . 1 . Fabricator Hacks . | . . . . Repair Station Hacks . | . . . . Recycling Unit Hacks 1 | . 1 . . Report Inventory 1 | . 1 . . Scanalyzer . | . . . . Garrison Access Hacks . | . . . . Unauthorized Hacks . | . . . . Terminals . | . . . . Fabricators . | . . . . Repair Stations . | . . . . Recycling Units . | . . . . Scanalyzers . | . . . . Garrison Access . | . . . . Data Cores Recovered . | . . . . Used . | . . . . Hacking Detections 7 | . 4 3 . Full Trace Events 4 | . 2 2 . Feedback Events . | . . . . Feedback Blocked . | . . . . Robot Schematics Acquired . | . . . . Robots Built . | . . . . Authchips . | . . . . Time . | . . . . Total Robot Build Rating . | . . . . Part Schematics Acquired . | . . . . Parts Built . | . . . . Authchips . | . . . . Time . | . . . . Total Part Build Rating . | . . . . Parts Repaired . | . . . . Time . | . . . . Parts Recycled . | . . . . Recycled Matter . | . . . . Retrieved Matter . | . . . . Retrieved Components . | . . . . Parts Scanalyzed . | . . . . Part Schematics Acquired . | . . . . Parts Damaged . | . . . . Bothacking | -11 -10 -9 -8 ------------ Run | Yrd Mat Mat Mat Used RIF Installer . | . . . . Robots Hacked . | . . . . Non-combat . | . . . . Combat . | . . . . Robot Hacks Applied . | . . . . Relay Couplers Released . | . . . . Fabnet Peak Effective % . | . . . . Robots Rewired . | . . . . Allies Hacked . | . . . . Hacks Repelled . | . . . . Allies | -11 -10 -9 -8 -------- Run | Yrd Mat Mat Mat Total Allies . | . . . . Largest Group . | . . . . Highest-Rated Group . | . . . . Highest-Rated Ally . | . . . . Total Orders . | . . . . Ally Attacks . | . . . . Total Damage . | . . . . Kills . | . . . . Allies Corrupted . | . . . . Allies Melted . | . . . . Intel | -11 -10 -9 -8 ------- Run | Yrd Mat Mat Mat Robot Analysis Total . | . . . . Derelict Logs Recovered . | . . . . Drone Launches . | . . . . Drone Recoveries . | . . . . Exploration | -11 -10 -9 -8 ------------- Run | Yrd Mat Mat Mat Turns Passed 1967 | 88 585 975 319 Spaces Moved 1035 | 57 381 397 200 Core 63 | 9 . . 54 Treads 229 | . . 140 89 Legs 686 | 48 381 257 . Wheels . | . . . . Hover 57 | . . . 57 Flight . | . . . . Fastest Speed 50 | 50 120 160 50 Average Speed 145 | 108 131 183 107 Slowest Speed 260 | 120 190 260 250 Overloaded Moves . | . . . . Propulsion Burnouts . | . . . . Robots Hopped . | . . . . Cave-ins Triggered . | . . . . Exploration Rate (%) 33 | 5 68 40 22 Regions Visited 3 Branch Regions . Pre-discovered Areas . | . . . . Known Exits Taken . | . . . . Unknown Exits Taken 3 | 1 1 1 . Scrap Searched . | . . . . Spaces Dug . | . . . . Terrain Destroyed 215 | . 28 94 93 Melee . | . . . . Projectile . | . . . . AOE 215 | . 28 94 93 Terrain Rammed . | . . . . Walls Destroyed . | . . . . Machines Disabled . | . . . . Actions | -11 -10 -9 -8 --------- Run | Yrd Mat Mat Mat Total 1297 | 81 434 525 257 Wait 18 | 5 3 7 3 Move 1032 | 56 380 396 200 Hop . | . . . . Pick Up 49 | 10 15 16 8 Fast Attach 12 | . . 6 6 Attach 24 | 6 2 5 11 Detach . | . . . . Swap 34 | 4 7 19 4 Drop 27 | . 9 16 2 Fire 101 | . 18 60 23 Melee . | . . . . Ram . | . . . . Kick . | . . . . Crush . | . . . . Escape Stasis . | . . . . Rewire . | . . . . Trap . | . . . . Miscellaneous . | . . . . Route ------- -11/Scrapyard -10/Materials (discovered 3 exits: *Mat x2 / [*Min]) -9/Materials (discovered 3 exits: [*Mat] / [*Min] / [*Sto]) -8/Materials History --------- Turn | Location | Event 14 | -11/Scrapyard | Discovered new exit (range 16) 89 | -11/Scrapyard | Entered Materials 305 | -10/Materials | Build established: Mutant 314 | -10/Materials | Discovered new exit (range 15) 552 | -10/Materials | Discovered new exit (range 9) 630 | -10/Materials | Discovered new exit (range 16) 674 | -10/Materials | Entered another Materials area 674 | -9/Materials | Evolved 2 slots: Power x1, Utility x1 676 | -9/Materials | Discovered new exit (range 14) 1167 | -9/Materials | Destroyed 9 combat bots 1295 | -9/Materials | Discovered new exit (range 8) 1630 | -9/Materials | Discovered new exit (range 12) 1649 | -9/Materials | Entered another Materials area 1649 | -8/Materials | Evolved 2 slots: Propulsion x1, Utility x1 1670 | -8/Materials | Build established: Scavenger-Mutant 1894 | -8/Materials | Core integrity fell below 50% 1912 | -8/Materials | Core integrity fell below 20% 1936 | -8/Materials | Lost 18 parts (4p4n5u5w) 1968 | -8/Materials | Destroyed by G-47 Trooper with Particle Gun Last Messages --------------- Acquired 3 matter. U-05 Engineer lays Concrete. Acquired Lgt. Treads. K-01 Serf collects debris. Acquired 28 matter. Imp. EM Shotgun destroyed. Critical hit (Burn: +37). K-01 Serf collects debris. U-05 Engineer lays Concrete. K-01 Serf collects debris. Acquired Imp. EM Shotgun. K-01 Serf collects debris. Lgt. Treads destroyed. Imp. EM Shotgun destroyed. The unstable cave ceiling collapses. G-47 Trooper crushed by falling debris. Acquired Gravmag System. Acquired Microactuators. Critical hit (Burn: +37). G-47 Trooper suffers critical hit (Burn). Map ----- +----------------------------------------------------+ | | | | | | | | | | | | | | | | | | | | | | | | | | | | | | | | | | | | | | | | | ??????????????????????????????????????????????? | | ??????????????????????????????????????????????? | | ??????????????????????????????????????????????? | | ??????????????????????##########??????????????? | | ??????????????????????# #??????????????? | | ??????????????????????# @ #??????????????? | | ??????????????????????# #??????????????? | | ??????????????????????# #??????????????? | | ??????????????????????# #??????????????? | | ??????????????????????# gg########???????? | | ??????????????????????# # = #???????? | | ?????????????#######??# gg# #???????? | | ?????????????# # g g ! #???????? | | ?????????????# ##########Y #???????? | | ?????????????# # ?? ??# ||#???????? | | ?????????????# # ??# ||#???????? | | ??????#####+## ! # ???# #####???????? | | ??????? ## # """ ??## #???????????? | | ???????? + # """? ## #?######????? | | ?????????# ## ?# """ ## #? #????? | | ?????????# ## ???? ??# # #????? | | ????????## # ###+## ????# # #????? | | ???????## # ##+####### + !! #????? | | ???????# # !! #????? | | ???????# % # !! #????? | | ######## # ! #############?######????? | | # # ##########????????###########????? | | """ # # # #??????????# #????? | | """ ### # ############ #????? | | "" ! # # # #????? | +----------------------------------------------------+ Best States ------------- Heat Dissipation 45 Energy Generation 19 Energy Capacity 400 Matter Stores 300 Matter Capacity 300 Sight Range 16 Terrain Scan Density 10 Armor Coverage 150 Evasion (%) 55 Recoil Reduction 3 Particle Charging 22 Item Schematics ----------------- None Robot Schematics ------------------ None Fabricated ------------ Nothing Alien Tech Used ----------------- None Achievements -------------- Remodeling Challenges ------------ None Game ------ Seed PoweredShieldStripper Manual? 0 Play Time 00:31:44 Cumulative 3.6 hours Start 2024.09.20 @ 15:35:14 End 2024.09.20 @ 16:05:08 Sessions 1 Manual Loads 0 Difficulty Rogue Special Mode None Game No. 5 Rogue 5 Adventurer 0 Explorer 0 Win Type - Total 0 Types 0/0/0/0/0/0/0/0/0 Lore% 1 Gallery% 9 Achievement% 8 Wizard Run 0 Options --------- Layout 1 ASCII 0 Keyboard 0 Movement Mouse Keybinds 0 Fullscreen 1 Font 24/Smallcaps Map View 50x35 Zoom Use 0% Tactical HUD 0 Map Filters NONE Filters NONE Steam 1 RUN: 12aa0069-e797-4710-8065-740a89bb2179